 Dungeon Crawl Stone Soup version 0.28.0-53-g5a82cb258f (webtiles) character file.

Game seed: 12807530056440345409

452 LynnLen the Covert (level 6, 0/32 HPs)
             Began as a Vampire Enchanter on July 29, 2022.
             Killed from afar by Sigmund (6 damage)
             ... with a puff of flame
             ... on level 4 of the Dungeon.
             The game lasted 00:16:35 (6232 turns).

LynnLen the Covert (Vampire Enchanter)              Turns: 6232, Time: 00:16:35

Health: 0/32       AC:  3    Str:  7    XL:     6   Next: 75%
Magic:  16/18      EV: 12    Int: 17    God:
Gold:   154        SH:  4    Dex: 17    Spells: 2/10 levels left

rFire   . . .      SeeInvis +   a - +3 dagger
rCold   + + .      Faith    .   o - +0 buckler
rNeg    + + +      Spirit   .   i - +0 leather armour
rPois   ∞          Reflect  .   (no helmet)
rElec   .          Harm     .   (no cloak)
rCorr   .          Rampage  .   (no gloves)
Will    +....                   (no boots)
Stlth   ++++++....              b - amulet of the acrobat
HPRegen 0.00/turn               r - ring of willpower
MPRegen 0.16/turn               s - ring of magical power

@: about to teleport, very slightly contaminated, bloodless, inhibited regen
A: bloodless, fangs 3, see invisible, vampiric 2
a: Bat Form, Revivify


You were on level 4 of the Dungeon.
You visited 1 branch of the dungeon, and saw 5 of its levels.

You collected 154 gold pieces.

Inventory:

Hand Weapons
 a - a +3 dagger (weapon)
Missiles
 n - 5 poisoned darts (quivered)
Armour
 i - a +0 leather armour (worn)
 o - a +0 buckler (worn)
Jewellery
 b - an amulet of the acrobat (around neck)
 r - a ring of willpower (left hand)
 s - a ring of magical power (right hand)
 w - an amulet of guardian spirit
Wands
 m - a wand of polymorph (11)
Scrolls
 e - a scroll of magic mapping
 p - a scroll of blinking {unknown}
 q - a scroll of brand weapon {unknown}
 v - a scroll of amnesia {unknown}
Potions
 c - a potion of magic {unknown}
 d - 3 potions of degeneration {unknown}
 f - a potion of cancellation
 g - a potion of flight
 j - a potion of berserk rage {unknown}
 k - 3 potions of lignification
 l - a potion of mutation {unknown}
 t - a potion of might {unknown}
 u - 3 potions of resistance {unknown}


   Skills:
 * Level 4.3 Short Blades
 + Level 3.2 Dodging
 * Level 8.3 Stealth
 + Level 2.6 Spellcasting
 + Level 5.5 Hexes


You had 2 spell levels left.
You knew the following spells:

 Your Spells              Type           Power      Damage    Failure   Level
a - Confusing Touch       Hex            20%        N/A       12%         3
b - Ensorcelled Hibernat  Hex/Ice        22%        N/A       19%         2
c - Tukima's Dance        Hex            20%        N/A       12%         3

Your spell library contained the following spells:

 Spells                   Type           Power      Damage    Failure   Level
 Animate Skeleton         Necr           4%         N/A       36%         1
 Magic Dart               Conj           8%         1d3       36%         1
 Pain                     Necr           8%         1d4       36%         1
 Searing Ray              Conj           4%         2d4       50%         2
 Dazzling Flash           Conj/Hex       22%        N/A       36%         3
 Vampiric Draining        Necr           2%         2d6       75%         3
 Fulminant Prism          Conj/Hex       5%         3d7       77%         4


Dungeon Overview and Level Annotations

Branches:
Dungeon (5/15)
 Temple: D:4-7

Altars:
Hepliaklqana
Uskayaw

Shops:
D:2 [   D:4 :

Annotations:
D:1 exclusion: downstairs
D:4 Sigmund


Innate Abilities, Weirdness & Mutations

You do not regenerate when monsters are visible.
You are frail without blood (-20% HP).
You can heal yourself when you bite living creatures.
You are immune to poison.
You have razor-sharp teeth.
You have supernaturally acute eyesight. (SInv)
You are afflicted with vampirism and can become a bat while bloodless.


Message History

You closely miss the water moccasin zombie.
The water moccasin zombie is moderately damaged.
You block the water moccasin zombie's attack.
You hit the water moccasin zombie.
The water moccasin zombie is moderately damaged.
The water moccasin zombie barely misses you.
You hit the water moccasin zombie.
The water moccasin zombie is heavily damaged.
The water moccasin zombie bites you.
You barely miss the water moccasin zombie.
The water moccasin zombie is heavily damaged.
You block the water moccasin zombie's attack.
You hit the water moccasin zombie.
The water moccasin zombie is heavily damaged.
The water moccasin zombie bites you! The water moccasin zombie bites you!
* * * LOW HITPOINT WARNING * * *
You climb upwards.
Level annotation: Sigmund
There is a stone staircase leading down here.
You start resting.
Sigmund is nearby!
Okay, then.
Casting: Confusing Touch (quite dangerous; 12% risk of failure)
Confirm with . or Enter, or press ? or * to list all spells.
You don't know that spell.
Casting: Confusing Touch (quite dangerous; 12% risk of failure)
Confirm with . or Enter, or press ? or * to list all spells.
Aiming: Ensorcelled Hibernation (safe; 19% risk of failure)
Press: ? - help, Shift-Dir - straight line, f - Sigmund
Aim: Sigmund, wielding a +0 scythe and wearing a +0 robe (wandering, hasn't noticed you, chance to affect: 53%)
You miscast Ensorcelled Hibernation.
You are very lightly contaminated with residual magic.
Nothing appears to happen.
Sigmund shouts!
As you read the scroll of teleportation, it crumbles to dust.
You feel strangely unstable. Sigmund casts a spell at you.
The puff of flame hits you.
You die...

#..##.##..####
#.........#
#.###.###.# #.# #.#
#.# #.###.###.#
#.........#
########.<......##
#.....##.###.##.#
#.###@##.###.##.## #.#
#..@.....##..##
#.###.##[##.......#
#.....##.##...#..##
###.####.#.......#####
#.# #..........†...
#####.##
#####.###.#####
#......# #.# ###
#.###)## #.#


You could see Sigmund.

Vanquished Creatures
  A steam dragon (D:5)
  A water moccasin skeleton (D:4)
  Natasha (thrice) (D:2)
  9 adders
  3 gnolls
  7 dart slugs
  2 orcs
  9 ball pythons
  3 endoplasms
  2 giant cockroaches
  9 goblins
  5 hobgoblins
  4 jackals (D:1)
  4 quokkas
  3 bats
  5 frilled lizards
  9 kobolds
  3 rats (D:2)
82 creatures vanquished.

Vanquished Creatures (others)
  A plant (D:1)
1 creature vanquished.

Grand Total: 83 creatures vanquished

Notes
Turn   | Place    | Note
-------+----------+-------------------------------------------
     0 | D:1      | LynnLen the Vampire Enchanter began the quest for the Orb.
     0 | D:1      | Reached XP level 1. HP: 13/13 MP: 3/3
   182 | D:1      | Reached XP level 2. HP: 16/19 MP: 5/5
   187 | D:1      | Reached skill level 5 in Stealth
   588 | D:1      | Found a faded altar of an unknown god.
  1332 | D:1      | Reached skill level 5 in Hexes
  1332 | D:1      | Gained mutation: You are afflicted with vampirism and can
                  | become a bat while bloodless. [Vampire growth]
  1332 | D:1      | Reached XP level 3. HP: 15/19 MP: 6/6
  1336 | D:1      | Learned a level 3 spell: Confusing Touch
  1339 | D:1      | Learned a level 2 spell: Ensorcelled Hibernation
  2217 | D:2      | Reached skill level 6 in Stealth
  2217 | D:2      | Reached XP level 4. HP: 24/24 MP: 7/7
  2220 | D:2      | Noticed Natasha
  2222 | D:2      | Killed Natasha
  2330 | D:2      | Found Meocol's Antique Armour Boutique.
  2405 | D:2      | Noticed Natasha
  2433 | D:2      | Killed Natasha
  2502 | D:2      | Noticed Natasha
  2519 | D:2      | Killed Natasha
  2520 | D:2      | Reached skill level 7 in Stealth
  2520 | D:2      | Reached XP level 5. HP: 3/28 MP: 5/8
  2527 | D:2      | Learned a level 3 spell: Tukima's Dance
  4503 | D:3      | Found a hazy altar of Hepliaklqana.
  4661 | D:4      | Found Xienysel's Self-Improvement Boutique.
  4672 | D:4      | Reached XP level 6. HP: 32/32 MP: 9/9
  4763 | D:4      | Noticed Sigmund
  5952 | D:4      | Found a hide-covered altar of Uskayaw.
  6128 | D:5      | Entered Level 5 of the Dungeon
  6148 | D:5      | Noticed a steam dragon
  6151 | D:5      | Killed a steam dragon
  6152 | D:5      | Reached skill level 8 in Stealth
  6232 | D:4      | Killed from afar by Sigmund

Illustrated notes

Levels and vault maps discovered:
D:1:      nicolae_arrival_washed_ashore, layout_rooms,
          dilly_ecumenical_altar_fadedgnrine, chequers_serial_rivers_marsh,
          kennysheep_another_room, serial_bayou_lagoon_b
D:2:      layout_loops_ring, serial_shops, shop_statue, uniq_natasha
D:3:      layout_rooms, lemuel_doored_altar, hangedman_decor_lopped
D:4:      layout_loops_corners, mainiacjoe_overflow_alcove_1,
          nicolae_shop_self_help, uniq_sigmund
D:5:      layout_loops_corners, minmay_ogre_servants, uniq_edmund

Skill      XL: |  1  2  3  4  5  6 |
---------------+-------------------+-----
Stealth        | 5 6 7 8 |  8.3
Hexes          | 5 |  5.5
Short Blades   | 2 3 4 |  4.3
Dodging        | 3 |  3.2
Spellcasting   | |  2.6

Action                   |  1- 3 |  4- 6 || total
-------------------------+-------+-------++-------
Melee: Dagger            |   119 |   227 ||   346
       Bite              |    14 |    13 ||    27
 Cast: Confusing Touch   |     1 |     7 ||     8
       Ensorcelled Hiber |     1 |     7 ||     8
 Abil: Exsanguinate      |     1 |       ||     1
  Use: Scroll            |     3 |     5 ||     8
       Potion            |     1 |       ||     1
 Stab: Sleeping          |    15 |    15 ||    30
       Confused          |       |     6 ||     6
Armor: Robe              |     9 |       ||     9
       Leather armour    |     9 |    30 ||    39
Dodge: Dodged            |    61 |    93 ||   154
Block: Buckler           |       |    19 ||    19
